 Dungeon Crawl Stone Soup version 0.30-a0-172-gc5509c9e31 (webtiles) character file.

Game seed: 3538170744442487455

149 qw the Chopper (level 5, -20/32 HPs)
             Began as a Gargoyle Fighter on Oct 1, 2022.
             Demolished by an ogre
             ... wielding a +0 giant spiked club
              (26 damage)
             ... on level 4 of the Dungeon.
             The game lasted 00:01:04 (2406 turns).

qw the Chopper (Gargoyle Fighter)                   Turns: 2406, Time: 00:01:04

Health: -20/32     AC: 10    Str: 21    XL:     5   Next: 31%
Magic:  5/5        EV:  9    Int:  9    God:
Gold:   89         SH:  4    Dex:  9    Spells: 4/4 levels left

rFire   . . .      SeeInvis .    Y - +0 war axe
rCold   . . .      Faith    .    c - +0 buckler
rNeg    + . .      Spirit   .    b - +0 scale mail
rPois   inf        Reflect  .    (no helmet)
rElec   +          Harm     .    (no cloak)
rCorr   .          Rampage  .    (no gloves)
Will    .....                    (no boots)
Stlth   ..........               (no amulet)
HPRegen 0.25/turn                (no ring)
MPRegen 0.09/turn                (no ring)

@: no status effects
A: sickness immunity, AC +4, negative energy resistance 1, electricity
resistance, torment resistance 1, petrification resistance
a: no special abilities


You were on level 4 of the Dungeon.
You visited 1 branch of the dungeon, and saw 4 of its levels.

You collected 129 gold pieces.
You spent 40 gold pieces at shops.


Innate Abilities, Weirdness & Mutations

You are immune to sickness and miasma.
Your stone body is resilient. (AC +4)
You are immune to poison.
You resist negative energy. (rN+)
You are resistant to electric shocks. (rElec)
You are resistant to unholy torment.
You are immune to petrification.


   Skills:
 - Level 3.2 Fighting
 + Level 4.9 Axes
 - Level 3.2 Armour
 - Level 3.2 Shields


You had 4 spell levels left.
You didn't know any spells.
Your spell library was empty.

Inventory:

Hand Weapons
 a - a +0 flail
 Y - a +0 war axe (weapon)
Missiles
 i - a boomerang (quivered)
Armour
 b - a +0 scale mail (worn)
 c - a +0 buckler (worn)
 e - a scarf of harm
Scrolls
 k - a scroll of identify
Potions
 d - a potion of might
 f - 5 potions of curing
 g - a potion of lignification
 j - a potion of attraction {unknown}

Dungeon Overview and Level Annotations

Branches:
Dungeon (4/15)
 Temple: D:4-7

Altars:

Shops:
D:2 ?


Message History

You start resting.
HP restored.
Done exploring.
(D) Dungeon
Where to? (* - list waypoints, Enter - D:4, ? - help)
What level of the Dungeon? (default 1, ? - help)
You climb downwards.
You block the orc's attack. The kobold hits you but does no damage.
The orc barely misses you. The kobold hits you but does no damage.
There is a stone staircase leading up here.
You hit the kobold.
You kill the kobold!
You slash the orc!
You kill the orc!
a - a +0 flail You see here a +0 ring mail.
e - a scarf of harm
2395 ||| DROPPING +0 mace.
You drop a +0 mace.
f - 5 potions of curing (gained 2)
An ogre comes into view. It is wielding a +0 giant spiked club.
Found a shiny glass wand.
Throw: boomerang
Press: ? - help, Q - select action Shift-Dir - straight line, f - ogre You throw a boomerang.
The boomerang closely misses the ogre.
Throw: boomerang
Press: ? - help, Q - select action Shift-Dir - straight line, f/p - ogre You throw a boomerang.
The boomerang barely misses the ogre.
Throw: boomerang
Press: ? - help, Q - select action Shift-Dir - straight line, f/p - ogre You throw a boomerang.
The boomerang hits the ogre.
The ogre is lightly wounded.
You barely miss the ogre.
The ogre is lightly wounded.
The ogre hits you with a +0 giant spiked club!!
Ouch! That really hurt!
You hit the ogre but do no damage.
The ogre is lightly wounded.
The ogre hits you with a +0 giant spiked club!!
Ouch! That really hurt!
You die...

./.......##
..........## ~.
...........###}#
#................
#................#
.................#
......O...........
#....@..........
##.......[....#
##...........#
##.........#
##)<.)....#
##[.....##
##.....# ###..##
#.#


You could see an ogre.

Vanquished Creatures
  Natasha (D:2)
  A gnoll (D:1)
  2 adders (D:2)
  3 worms (D:2)
  4 dart slugs
  5 orcs
  4 ball pythons
  3 bats
  7 endoplasms
  4 giant cockroaches
  8 goblins
  6 hobgoblins
  5 jackals
  9 kobolds
  2 quokkas
  A frilled lizard (D:3)
  5 rats
70 creatures vanquished.

Notes
Turn   | Place    | Note
-------+----------+-------------------------------------------
     0 | D:1      | qw the Gargoyle Fighter began the quest for the Orb.
     0 | D:1      | Reached XP level 1. HP: 14/14 MP: 1/1
     0 | D:1      | 0 ||| qw: Version: 0.2-a-13-gfc7b4b4
     0 | D:1      | 0 ||| qw: Game counter: 1829
     0 | D:1      | 0 ||| qw: Always use a shield: true
     0 | D:1      | 0 ||| qw: God list: Okawaru
     0 | D:1      | 0 ||| qw: Allow faded altars: false
     0 | D:1      | 0 ||| qw: Do Orc after D:15 true
     0 | D:1      | 0 ||| qw: Do second Lair branch before Depths: true
     0 | D:1      | 0 ||| qw: Lair rune preference: random
     0 | D:1      | 0 ||| qw: Plans: Normal, Zot:1-4, God:TSO, Crypt, Tomb,
                  | Pan, Slime:5, Hells, Abyss, Orb
     0 | D:1      | 0 ||| PLANNING D:1-11
    47 | D:1      | Reached skill level 2 in Axes
    76 | D:1      | 76 ||| Stepping ~*~*~tactically~*~*~ (hiding).
    80 | D:1      | 80 ||| Stepping ~*~*~tactically~*~*~ (stealth).
    88 | D:1      | Reached XP level 2. HP: 11/19 MP: 2/2
    91 | D:1      | 91 ||| Stepping ~*~*~tactically~*~*~ (stealth).
   175 | D:1      | 175 ||| Stepping ~*~*~tactically~*~*~ (stealth).
   180 | D:1      | 180 ||| Stepping ~*~*~tactically~*~*~ (hiding).
   188 | D:1      | Reached skill level 3 in Axes
   216 | D:1      | 216 ||| Stepping ~*~*~tactically~*~*~ (stealth).
   235 | D:1      | 235 ||| Stepping ~*~*~tactically~*~*~ (stealth).
   253 | D:1      | Reached XP level 3. HP: 21/23 MP: 3/3
   290 | D:1      | 290 ||| Stepping ~*~*~tactically~*~*~ (stealth).
   323 | D:1      | 323 ||| Stepping ~*~*~tactically~*~*~ (stealth).
   324 | D:1      | 324 ||| Stepping ~*~*~tactically~*~*~ (stealth).
   372 | D:1      | Found a faded altar of an unknown god.
   448 | D:1      | 448 ||| Stepping ~*~*~tactically~*~*~ (stealth).
   450 | D:1      | 450 ||| Stepping ~*~*~tactically~*~*~ (stealth).
   740 | D:1      | 740 ||| DRINKING 2 fizzy cyan potions.
   889 | D:2      | Reached XP level 4. HP: 19/28 MP: 4/4
   959 | D:2      | Reached skill level 4 in Axes
   963 | D:2      | Found Gypur's Magic Scroll Shoppe.
   971 | D:2      | 971 ||| SHOPLISTING scroll of brand weapon (95 gold, have
                  | 72).
   971 | D:2      | 971 ||| BUYING scroll of identify (20 gold).
   971 | D:2      | Bought a scroll of identify for 20 gold pieces
   971 | D:2      | 971 ||| BUYING scroll of identify (20 gold).
   971 | D:2      | Bought a scroll of identify for 20 gold pieces
  1501 | D:2      | Noticed Natasha
  1502 | D:2      | 1502 ||| Stepping ~*~*~tactically~*~*~ (hiding).
  1518 | D:2      | Killed Natasha
  1519 | D:2      | Reached XP level 5. HP: 16/32 MP: 5/5
  1674 | D:2      | 1674 ||| READING scroll labelled GAGUIWK QIKAF.
  1675 | D:2      | 1675 ||| READING scroll labelled ZUTOAJ GYME.
  1676 | D:2      | 1676 ||| READING 3 scrolls of identify.
  1676 | D:2      | 1676 ||| IDENTIFYING clear potion
  1677 | D:2      | 1677 ||| READING 2 scrolls of identify.
  1677 | D:2      | 1677 ||| IDENTIFYING sedimented dark potion
  1678 | D:2      | 1678 ||| DROPPING potion of magic.
  2050 | D:3      | 2050 ||| Stepping ~*~*~tactically~*~*~ (stealth).
  2051 | D:3      | 2051 ||| Stepping ~*~*~tactically~*~*~ (stealth).
  2053 | D:3      | 2053 ||| Stepping ~*~*~tactically~*~*~ (stealth).
  2060 | D:3      | 2060 ||| Stepping ~*~*~tactically~*~*~ (stealth).
  2061 | D:3      | 2061 ||| DROPPING +0 club.
  2313 | D:3      | 2313 ||| READING scroll labelled SUUSKAJOEM.
  2314 | D:3      | 2314 ||| READING scroll labelled FEL DETUSE.
  2315 | D:3      | 2315 ||| READING scroll labelled AVUONO GODOQUR.
  2316 | D:3      | 2316 ||| READING scroll labelled VADGHI VUDE.
  2338 | D:3      | 2338 ||| READING scroll labelled OSIRCH HAIFREI.
  2375 | D:4      | 2375 ||| STAIRDANCE
  2395 | D:4      | 2395 ||| DROPPING +0 mace.
  2400 | D:4      | Noticed an ogre
  2405 | D:4      | HP: 6/32 [ogre/+0 giant spiked club (26)]
  2406 | D:4      | Demolished by an ogre

Levels and vault maps discovered:
D:1:      minmay_arrival_wavy_path, layout_loops_ring,
          shapermc_ecumenical_altar_venn, minmay_pentomino_x2
D:2:      layout_basic, serial_shops, shop, dreamdust_princess_corridor,
          uniq_natasha
D:3:      layout_basic, minmay_misc_feat_plants, nrook_campfire
D:4:      layout_cave_pods, xom_redecorated, fedhas_altar_2,
          minmay_temple_entry_drinking_statues, minmay_ruined_shrine

Skill      XL: |  1  2  3  4 |
---------------+-------------+-----
Axes           | 2 3 4 |  4.9
Fighting       | |  3.2
Armour         | |  3.2
Shields        | |  3.2

Action                   |  1- 3 |  4- 6 || total
-------------------------+-------+-------++-------
Melee: War axe           |   108 |   101 ||   209
Throw: Boomerang         |     6 |    43 ||    49
  Use: Potion            |     1 |       ||     1
       Scroll            |       |     9 ||     9
Armor: Scale mail        |    62 |    46 ||   108
Dodge: Dodged            |    39 |    41 ||    80
Block: Buckler           |    19 |    10 ||    29

Table legend:
 A = Non-vault XP
 B = Vault XP
 C = Vault XP percentage of total XP
 D = Non-vault monster count
 E = Vault monster count
 F = Vault count percentage of total count
                 A         B        C        D         E       F
            +---------+---------+-------+---------+---------+-------
      Total |     174 |      40 |  18.7 |      67 |       3 |   4.3
            +---------+---------+-------+---------+---------+-------
        D:1 |      69 |       5 |   6.8 |      30 |       2 |   6.2
        D:2 |      67 |      35 |  34.3 |      20 |       1 |   4.8
        D:3 |      30 |       0 |   0.0 |      14 |       0 |   0.0
        D:4 |       8 |       0 |   0.0 |       3 |       0 |   0.0
            +---------+---------+-------+---------+---------+-------
